 Dungeon Crawl Stone Soup version 0.23.0-3-gf3c87f2 (webtiles) character file.

Game seed: 626913016369888914

1222 misha the Spear-Bearer (level 8, -11/64 HPs)
             Began as a Merfolk Berserker on Feb 24, 2019.
             Was an Elder of Trog.
             Mangled by Menkaure (15 damage)
             ... on level 6 of the Dungeon.
             The game lasted 00:21:50 (8366 turns).

misha the Spear-Bearer (Merfolk Berserker)          Turns: 8366, Time: 00:21:50

Health: -11/64     AC: 14    Str: 19    XL:     8   Next: 47%
Magic:  0/8        EV:  3    Int:  7    God:    Trog [****..]
Gold:   138        SH:  0    Dex: 13    Spells: 7/7 levels left

rFire    + . .     SeeInvis .   b - +2 short sword (venom)
rCold    + . .     Gourm    .   (no shield)
rNeg     . . .     Faith    .   z - +0 gold dragon scales
rPois    +         Spirit   +   (no helmet)
rElec    .         Reflect  .   (no cloak)
rCorr    .         Harm     .   w - +1 pair of gloves
MR       .....                  (no boots)
Stlth    ..........             i - amulet of guardian spirit
HPRegen  0.20/turn              (no ring)
MPRegen  0.11/turn              (no ring)

@: berserk cooldown, slowed, very slow
A: change form in water, swift swim, stealthy swim
a: Berserk, Trog's Hand, Brothers in Arms, Renounce Religion


You were on level 6 of the Dungeon.
You worshipped Trog.
Trog was greatly pleased with you.
You were not hungry.

You visited 1 branch of the dungeon, and saw 6 of its levels.

You collected 228 gold pieces.
You spent 90 gold pieces at shops.

Inventory:

Hand Weapons
 a - a +2 dagger of flaming
 b - a +2 short sword of venom (weapon)
 s - a +2 spear of piercing
Missiles
 m - 116 stones (quivered)
 n - 52 poisoned needles
 D - a throwing net
Armour
 w - a +1 pair of gloves (worn)
 z - +0 gold dragon scales (worn)
Jewellery
 i - an amulet of guardian spirit (around neck)
 A - an uncursed amulet of faith {unknown}
 G - an uncursed ring of ice {unknown}
Wands
 t - a wand of polymorph (8)
 C - a wand of random effects (9)
 E - a wand of paralysis (2)
Scrolls
 e - 3 scrolls of remove curse
 f - a scroll of magic mapping {unknown}
 k - a scroll of identify
 o - 2 scrolls of fear
 q - a scroll of random uselessness {unknown}
 y - a scroll of immolation
 B - a scroll of blinking {unknown}
 F - a scroll of noise {unknown}
Potions
 d - 2 potions of degeneration
 g - 2 potions of berserk rage
 h - a potion of cancellation
 j - 3 potions of ambrosia
 l - 6 potions of curing
 p - 2 potions of haste
 r - 2 potions of lignification {unknown}
 u - 2 potions of might {unknown}
 v - a potion of heal wounds {unknown}
 x - 3 potions of agility {unknown}
Comestibles
 c - 8 rations


   Skills:
 + Level 6.0 Fighting
 + Level 4.7 Short Blades
 + Level 8.0 Polearms
 - Level 1.4 Armour
 + Level 6.4 Dodging
 + Level 4.5 Stealth


You had 7 spell levels left.
You didn't know any spells.
Your spell library was empty.

Dungeon Overview and Level Annotations

Branches:
Dungeon (6/15)
 Temple: D:4-7

Altars:
Gozag
Ru
Vehumet
Zin
The Shining One

Shops:
D:5 *   D:6 [

Annotations:
D:6 Menkaure


Message History

Your body is wracked with pain!
* * * LOW HITPOINT WARNING * * *
Your gold dragon scales prevents you from hitting Menkaure.
Menkaure is lightly damaged.
Menkaure hits you!
* * * LOW HITPOINT WARNING * * *
You hit Menkaure.
Menkaure is lightly damaged.
Menkaure calls on the powers of darkness!
Your body is wracked with pain!
* * * LOW HITPOINT WARNING * * *
Your gold dragon scales prevents you from hitting Menkaure.
Menkaure is lightly damaged.
Menkaure calls on the powers of darkness!
Your body is wracked with pain!
* * * LOW HITPOINT WARNING * * *
You hit Menkaure.
Menkaure is moderately damaged.
Menkaure hits you!
You die...

#..............#
#.###............
#.....##..####
##......#..#
##......<#..#
.#........# .##
...........#....
................
...#(....@.......
#..#.....M..[....
..#......$.....
#...........###
##.........##
#........##
#######..# ..#


You could see Menkaure.

Vanquished Creatures
  A hornet (D:5)
  Sigmund (D:2)
  An ice beast (D:6)
  A centaur (D:3)
  A bullfrog zombie (D:5)
  2 hounds (D:5)
  3 orc priests (D:4)
  A centaur skeleton (D:4)
  3 orc wizards (D:4)
  3 worker ants
  16 adders
  3 gnolls (D:4)
  An ooze (D:5)
  An adder skeleton (D:4)
  2 worms
  A dart slug (D:4)
  4 leopard geckos
  15 orcs
  A ball python (D:4)
  6 giant cockroaches
  7 goblins
  10 hobgoblins
  10 jackals
  A quokka (D:2)
  A ball python skeleton (D:4)
  6 bats
  7 frilled lizards
  13 kobolds
  A leopard gecko skeleton (D:6)
  8 rats
131 creatures vanquished.

Notes
Turn   | Place    | Note
-------+----------+-------------------------------------------
     0 | D:1      | misha the Merfolk Berserker began the quest for the Orb.
     0 | D:1      | Reached XP level 1. HP: 18/18 MP: 1/1
   187 | D:1      | Reached XP level 2. HP: 24/24 MP: 2/2
   364 | D:1      | Reached skill level 5 in Polearms
   761 | D:1      | Reached XP level 3. HP: 30/30 MP: 3/3
  1666 | D:2      | Found a glowing golden altar of the Shining One.
  1938 | D:2      | Reached XP level 4. HP: 35/37 MP: 4/4
  1962 | D:2      | Reached ** piety under Trog
  2449 | D:2      | Noticed Sigmund
  2462 | D:2      | HP: 2/55 [something (13)]
  2466 | D:2      | Killed Sigmund
  2466 | D:2      | Reached skill level 6 in Polearms
  2466 | D:2      | Reached XP level 5. HP: 2/43 MP: 5/5
  2466 | D:2      | Reached XP level 6. HP: 3/49 MP: 6/6
  2979 | D:2      | Found an opulent altar of Gozag.
  3621 | D:2      | Found a sacrificial altar of Ru.
  5026 | D:3      | Reached skill level 5 in Fighting
  5026 | D:3      | Reached skill level 5 in Dodging
  5026 | D:3      | Reached XP level 7. HP: 39/56 MP: 4/7
  5443 | D:4      | Reached *** piety under Trog
  5550 | D:4      | Found a radiant altar of Vehumet.
  5933 | D:4      | Reached skill level 7 in Polearms
  6878 | D:5      | Entered Level 5 of the Dungeon
  6982 | D:5      | Reached XP level 8. HP: 54/63 MP: 8/8
  7092 | D:5      | Noticed a hornet
  7100 | D:5      | Paralysed by a hornet for 3 turns
  7106 | D:5      | Killed a hornet
  7106 | D:5      | Reached **** piety under Trog
  7800 | D:5      | Found Agick's Elemental Accessories.
  7867 | D:5      | Found Zin's Purification Station.
  7870 | D:5      | Found a glowing silver altar of Zin.
  7873 | D:5      | Bought a potion of curing for 90 gold pieces
  8273 | D:6      | Found Kihun's Antique Armour Emporium.
  8334 | D:6      | Reached skill level 8 in Polearms
  8353 | D:6      | Noticed Menkaure
  8366 | D:6      | Mangled by Menkaure

Skill      XL: |  1  2  3  4  5  6  7  8 |
---------------+-------------------------+-----
Dodging        | 3 4 5 6 |  6.4
Polearms       | 5 6 7 8 |  8.0
Fighting       | 4 5 6 |  6.0
Short Blades   | 2 4 |  4.7
Stealth        | 2 3 4 |  4.5
Armour         | |  1.4

Action                   |  1- 3 |  4- 6 |  7- 9 || total
-------------------------+-------+-------+-------++-------
Melee: Spear             |   127 |   213 |   201 ||   541
       Short sword       |       |       |    12 ||    12
Throw: Stone             |     3 |       |       ||     3
Invok: Berserk           |       |     1 |     4 ||     5
  Use: Scroll            |       |       |     9 ||     9
 Stab: Sleeping          |     1 |     7 |       ||     8
  Eat: Chunk             |     3 |    10 |     6 ||    19
       Ration            |       |       |     3 ||     3
Armor: Animal skin       |    17 |    14 |       ||    31
       Gold dragon scale |       |    11 |   103 ||   114
Dodge: Dodged            |    58 |    73 |    11 ||   142
